 Dungeon Crawl Stone Soup version 0.28.0 (webtiles) character file.

Game seed: 2220404233761969456

24066 croobank the Unseen (level 12, -7/63 HPs)
             Began as a Felid Delver on Feb 13, 2022.
             Was an Initiate of Gozag.
             Succumbed to Sonja's poison
             ... while paralysed by an orc sorcerer
             ... on level 1 of the Orcish Mines.
             The game lasted 01:34:48 (22914 turns).

croobank the Unseen (Felid Delver)                 Turns: 22914, Time: 01:34:49

Health: -7/63      AC:  3    Str: 12    XL:     12   Next: 77%
Magic:  1/22       EV:  4    Int: 12    God:    Gozag
Gold:   4639       SH:  0    Dex: 18    Spells: 10/11 levels left
                                        Lives:  0   Deaths: 3

rFire   . . .      SeeInvis +     - Unarmed
rCold   + . .      Faith    .   (shield unavailable)
rNeg    . . .      Spirit   +   (armour unavailable)
rPois   .          Reflect  .   (helmet unavailable)
rElec   .          Harm     .   (cloak unavailable)
rCorr   +          Rampage  .   (gloves unavailable)
Will    +....                   (boots unavailable)
Stlth   ++++++++..              b - amulet "Baimasa" {Spirit Slay+6}
HPRegen 0.20/turn               c - ring of protection from fire
MPRegen 0.18/turn               k - ring "Xoot" {+Blink rF- rCorr MP+9 Stlth+}

@: paralysed, lethally poisoned (-7 -> -57), quick
A: very small, claws 1, fangs 3, see invisible, speed 1, shaggy fur 3, stealthy
paws, no weapons or thrown items, no armour, multi-lived
a: Renounce Religion, Evoke Blink, Potion Petition, Call Merchant, Bribe Branch


You were on level 1 of the Orcish Mines.
You worshipped Gozag.
Gozag was most pleased with you.
You visited 4 branches of the dungeon, and saw 20 of its levels.

You collected 4708 gold pieces.
You paid 69 gold pieces to Gozag.

Inventory:

Missiles
 i - 606 stones
Jewellery
 b - the amulet "Baimasa" (around neck) {Spirit Slay+6}
   (You acquired it on level 1 of the Dungeon)

   [amulet of guardian spirit]

   It causes incoming damage to be divided between your reserves of health and
   magic.
   Slay:      It affects your accuracy & damage with ranged weapons and melee
   (+6).
 c - a ring of protection from fire (left paw)
 k - the ring "Xoot" (right paw) {+Blink rF- rCorr MP+9 Stlth+}
   (You acquired it on level 1 of the Dungeon)

   [ring of magical power]

   rF:        It makes you vulnerable to fire.
   MP:        It affects your magic capacity (+9).
   +Blink:    It lets you blink.
   rCorr:     It protects you from acid and corrosion.
   Stlth:     It makes you more stealthy.
 o - a ring of positive energy
 s - a ring of fire
 t - a +4 ring of protection
 v - an amulet of the acrobat
 y - an amulet of reflection
 F - a +4 ring of protection
 M - a ring of poison resistance
Wands
 e - a wand of digging (3)
 l - a wand of mindburst (9)
 w - a wand of polymorph (11)
 z - a wand of paralysis (1)
 D - a wand of flame (26)
 H - a wand of iceblast (4)
 K - a wand of charming (6)
Scrolls
 a - 3 scrolls of fog
 f - 4 scrolls of immolation
 h - 3 scrolls of blinking
 m - 2 scrolls of torment
 q - 3 scrolls of enchant weapon
 u - 4 scrolls of identify
 A - 2 scrolls of magic mapping
 E - a scroll of holy word
 G - 4 scrolls of teleportation
Potions
 d - 3 potions of mutation
 g - 3 potions of berserk rage
 j - 4 potions of flight
 n - 3 potions of lignification
 p - 2 potions of invisibility
 r - 6 potions of brilliance
 x - a potion of ambrosia
 C - a potion of curing
 I - 2 potions of cancellation
 J - 2 potions of heal wounds
 L - a potion of magic {unknown}
Miscellaneous
 B - a box of beasts


   Skills:
 + Level 13.1 Fighting
 + Level 16.5 Dodging
 + Level 18.6 Stealth
 + Level 12.9 Unarmed Combat


You had 10 spell levels left.
You knew the following spells:

 Your Spells              Type           Power      Damage    Failure   Level
a - Apportation           Tloc           0%         N/A       32%         1

Your spell library contained the following spells:

 Spells                   Type           Power      Damage    Failure   Level
 Animate Skeleton         Necr           0%         N/A       32%         1
 Slow                     Hex            0%         N/A       32%         1
 Summon Small Mammal      Summ           0%         N/A       32%         1
 Static Discharge         Conj/Air       0%         N/A       45%         2
 Sublimation of Blood     Necr           0%         N/A       45%         2
 Confusing Touch          Hex            0%         N/A       69%         3
 Gell's Gravitas          Tloc           0%         N/A       69%         3
 Lesser Beckoning         Tloc           0%         N/A       69%         3
 Teleport Other           Tloc           0%         N/A       69%         3
 Vampiric Draining        Necr           0%         2d6       69%         3
 Iskenderun's Mystic Bla  Conj/Tloc      0%         2d3       97%         4
 Petrify                  Tmut/Erth      0%         N/A       97%         4
 Irradiate                Conj/Tmut      0%         3d13      100%        5
 Lightning Bolt           Conj/Air       0%         1d11      100%        5
 Manifold Assault         Tloc           0%         N/A       100%        5
 Metabolic Englaciation   Hex/Ice        0%         N/A       100%        5
 Statue Form              Tmut/Erth      0%         N/A       100%        6
 Infestation              Necr           0%         N/A       100%        8
 Maxwell's Capacitive Co  Air            0%         ∞         100%        8


Dungeon Overview and Level Annotations

Branches:
Dungeon (12/15)            Temple (1/1) D:6            Lair (6/6) D:10
 Shoals (0/4) Lair:3       Spider (0/4) Lair:3        Slime (0/5) Lair:5
    Orc (1/2) D:10

Altars:
Ashenzari
Cheibriados
Dithmenos
Elyvilon
Fedhas
Gozag
Hepliaklqana
Kikubaaqudgha
Makhleb
Nemelex Xobeh
Okawaru
Qazlal
Ru
Sif Muna
Trog
Uskayaw
Vehumet
Wu Jian
Xom
Yredelemnul
Zin
The Shining One
Beogh
Jiyva

Shops:
D:4 :*   D:10 *

Annotations:
D:3 3 runed translucent doors, thepacket's ghost, amateur DsWz
D:4 1 runed translucent door, Crazy Yiuf
D:8 3 runed translucent doors, Hildebrand's ghost, novice MiBe; Jase's ghost, novice PaFi; bande's ghost, novice GrFi; freelancePsychic's ghost, novice SpSu
Orc:1 Sonja


Innate Abilities, Weirdness & Mutations

You have sharp claws.
You have razor-sharp teeth.
You have supernaturally acute eyesight. (SInv)
You cover ground quickly. (Speed+)
Your thick and shaggy fur keeps you warm. (AC +3, rC+)
Your paws help you pounce on unaware monsters.
You are incapable of wielding weapons or throwing items.
You cannot wear armour.
You gain extra lives every three experience levels.


Message History

You now have 4565 gold pieces (gained 14).
You now have 4580 gold pieces (gained 15).
You now have 4605 gold pieces (gained 25).
You now have 4628 gold pieces (gained 23).
You now have 4639 gold pieces (gained 11).
Okay, then.
Things that are here:
a +0 dire flail; a +0 dire flail An orc sorcerer comes into view.
It is wielding a +0 dagger.
Found 20 gold pieces.
The orc sorcerer shouts!
The orc sorcerer casts a spell at you.
You suddenly lose the ability to move!
Sonja, the Graceful Assassin comes into view.
She is wielding a +0 dagger of venom and quivering curare-tipped darts.
The orc sorcerer wildly gestures.
The orc sorcerer glows brightly for a moment.
The orc sorcerer gestures wildly while chanting.
Sonja shouts!
The orc sorcerer hits you with a +0 dagger. x2
The sun demon hits you!
You are engulfed in flames!
Sonja hits you with a +0 dagger of venom.
You are poisoned.
Sonja hits you with a +0 dagger of venom.
You are more poisoned.
Sonja hits you with a +0 dagger of venom.
You are more poisoned.
The sun demon hits you!
You are engulfed in flames!
* * * LOW HITPOINT WARNING * * *
The orc sorcerer hits you with a +0 dagger.
* * * LOW HITPOINT WARNING * * *
Sonja hits you with a +0 dagger of venom.
* * * LOW HITPOINT WARNING * * *
Sonja hits you with a +0 dagger of venom.
* * * LOW HITPOINT WARNING * * *
You are more poisoned.
Sonja hits you with a +0 dagger of venom.
* * * LOW HITPOINT WARNING * * *
You are more poisoned.
You die...
Your body crumbles into a pile of gold.

#..## #..### .....
##..#. ##....### .....
##.....###......#.
..$.##.................
##.#....#.........>....
#.#.....##.....#####...
#......####....# ##...
#..K3.##......###....
#.o@..#....)..##....
###.......#.......#. $
###.....#.......#.
#..#######...#.. ##.#
#...#... #.# ##.#....
### ##..... ###... #...


You could see a sun demon (summoned), an orc sorcerer and Sonja.

Vanquished Creatures
  An ettin (Orc:1)
  Fannar (D:11)
  2 boulder beetles
  6 hydras
  A centaur warrior (D:9)
  A two-headed ogre (D:10)
  An ugly thing (D:12)
  8 elephants
  11 cane toads
  7 black mambas
  A merfolk siren (Lair:3)
  16 komodo dragons
  4 rime drakes
  2 ice devils (Lair:1)
  5 polar bears (Lair:6)
  5 trolls
  4 hornets (Lair:6)
  10 dream sheep
  17 blink frogs
  Sigmund (D:5)
  5 culicivoras (Lair:3)
  12 spriggans (Lair:6)
  3 jumping spiders (Lair:3)
  3 wyverns
  39 yaks
  3 basilisks
  3 steam dragons
  2 wraiths (D:11)
  4 vampire mosquitoes
  Menkaure (D:4)
  13 water moccasins
  A hell hound (D:10)
  2 orc warriors
  6 black bears
  2 ice beasts
  5 necrophages
  27 wolves
  3 boggarts (Lair:6)
  4 ogres
  5 centaurs
  2 phantoms
  A kobold brigand (D:9)
  14 bullfrogs
  A scorpion (D:7)
  2 water moccasin zombies
  14 wights
  5 killer bees (D:9)
  3 howler monkeys
  2 electric eels (Lair:4)
  7 centaur zombies
  3 orc priests
  A bullfrog skeleton (D:5)
  A jelly (D:7)
  A bullfrog zombie (D:6)
  4 hounds
  A gnoll shaman (D:6)
  3 iguanas
  Ijyb (D:5)
  4 orc wizards
  A mummy (D:10)
  A howler monkey zombie (D:8)
  Robin (D:2)
  7 gnolls (D:6)
  4 adders
  3 white imps
  A worm (D:4)
  2 dart slugs (D:1)
  23 orcs
  6 ball pythons
  5 bats
  3 endoplasms
  5 giant cockroaches
  12 goblins
  13 hobgoblins
  2 jackals (D:1)
  3 quokkas
  5 frilled lizards
  10 kobolds
  5 rats
  A bush (Lair:6)
430 creatures vanquished.

Vanquished Creatures (collateral kills)
  A hydra (Lair:6)
  2 hornets (Lair:6)
  A polar bear (Lair:6)
  A dream sheep (Lair:6)
  A spriggan (Lair:6)
  A water moccasin (Lair:6)
  An orc warrior (D:10)
  A boggart (Lair:6)
  A wolf (Lair:6)
  An orc priest (D:10)
  An orc wizard (D:10)
12 creatures vanquished.

Vanquished Creatures (others)
  35 fungi
  29 plants
  2 withered plants (D:8)
66 creatures vanquished.

Grand Total: 508 creatures vanquished

Notes
Turn   | Place    | Note
-------+----------+-------------------------------------------
     0 | D:5      | croobank the Felid Delver began the quest for the Orb.
     0 | D:5      | Reached XP level 1. HP: 10/10 MP: 2/2
    23 | D:4      | Noticed a bullfrog
    48 | D:3      | Noticed a howler monkey
   316 | D:2      | Reached XP level 2. HP: 13/14 MP: 3/3
   660 | D:1      | Found a faded altar of an unknown god.
   761 | D:1      | Reached skill level 7 in Stealth
   828 | D:1      | Reached XP level 3. HP: 17/17 MP: 4/4
   845 | D:1      | Identified a scroll of acquirement
   847 | D:1      | Acquired the amulet "Baimasa" {Spirit Slay+6}
  1302 | D:1      | Acquired the ring "Xoot" {+Blink rF- rCorr MP+9 Stlth+}
  1583 | D:2      | Noticed Robin
  1610 | D:2      | Killed Robin
  1625 | D:2      | Reached XP level 4. HP: 19/21 MP: 5/5
  2037 | D:3      | Found a burning altar of Makhleb.
  2137 | D:3      | Found a runed translucent gate.
  2139 | D:3      | Found a runed translucent gate.
  2139 | D:3      | Noticed thepacket's ghost (amateur DsWz)
  2140 | D:3      | Found a runed translucent gate.
  2141 | D:3      | Identified the +5 short sword of the Several Xenophobes
                  | {drain, *Slow rF+ Int+2 Stlth+}
  2419 | D:3      | Reached XP level 5. HP: 22/25 MP: 6/6
  2616 | D:3      | Learned a level 1 spell: Apportation
  2904 | D:4      | Found Yparischu's Elemental Accessories.
  3154 | D:4      | Found a runed translucent door.
  3155 | D:4      | Noticed Crazy Yiuf
  3267 | D:4      | Noticed an ogre
  3354 | D:5      | Noticed Sigmund
  3422 | D:5      | Noticed a phantom
  3538 | D:6      | Found a blossoming altar of Fedhas.
  3538 | D:6      | Found a glowing golden altar of the Shining One.
  3585 | D:6      | Noticed a phantom
  3606 | D:6      | Killed a phantom
  3607 | D:6      | Reached skill level 5 in Dodging
  3607 | D:6      | Reached skill level 8 in Stealth
  3607 | D:6      | Gained mutation: You are covered in thick fur. (AC +2)
                  | [Felid growth]
  3607 | D:6      | Reached XP level 6. HP: 11/29 MP: 5/7
  4189 | D:6      | Reached XP level 7. HP: 26/33 MP: 8/8
  4241 | D:6      | Noticed a vampire mosquito
  4245 | D:6      | Killed a vampire mosquito
  4246 | D:6      | Reached skill level 5 in Fighting
  4263 | D:6      | Reached skill level 9 in Stealth
  4314 | D:6      | Found a shimmering altar of Xom.
  4342 | D:6      | Noticed a troll
  4351 | D:6      | Killed a troll
  4596 | D:6      | Reached skill level 5 in Unarmed Combat
  4596 | D:6      | Reached XP level 8. HP: 35/37 MP: 9/9
  4655 | D:6      | Found a staircase to the Ecumenical Temple.
  4717 | Temple   | Entered the Ecumenical Temple
  4826 | Temple   | Became a worshipper of Gozag Ym Sagoz the Greedy
  4872 | D:6      | Identified the +0 shadow dragon scales "Toz Withrik" {+Inv
                  | Fly Will+++ Str-2 Stlth++++}
  5251 | D:7      | Reached skill level 10 in Stealth
  5707 | D:7      | Found a basalt altar of Yredelemnul.
  5857 | D:7      | Reached XP level 9. HP: 42/42 MP: 10/10
  5897 | D:7      | You fall into a shaft and drop 3 floors!
  5897 | D:10     | Entered Level 10 of the Dungeon
  5941 | D:10     | Noticed a troll
  5962 | D:10     | Found a hazy altar of Hepliaklqana.
  5993 | D:8      | Noticed Hildebrand's ghost (novice MiBe)
  5993 | D:8      | Noticed freelancePsychic's ghost (novice SpSu)
  5993 | D:8      | Noticed bande's ghost (novice GrFi)
  5993 | D:8      | Noticed Jase's ghost (novice PaFi)
  5993 | D:8      | Found a runed translucent gate.
  5993 | D:8      | Found a runed translucent gate.
  5993 | D:8      | Found a runed translucent gate.
  6405 | D:7      | Reached skill level 11 in Stealth
  7183 | D:4      | Found Humah's Self-Improvement Boutique.
  7255 | D:4      | Found a snail-covered altar of Cheibriados.
  7305 | D:4      | Noticed Menkaure
  7319 | D:4      | Killed Menkaure
  7520 | D:4      | Found a white marble altar of Elyvilon.
  7689 | D:5      | Noticed Ijyb
  7691 | D:5      | Killed Ijyb
  7991 | D:5      | Killed Sigmund
  8242 | D:5      | Reached skill level 12 in Stealth
  8601 | D:8      | Reached XP level 10. HP: 44/48 MP: 11/11
  8746 | D:8      | Reached skill level 10 in Dodging
  9123 | D:9      | Found a hide-covered altar of Uskayaw.
  9229 | D:9      | Found a shimmering blue altar of Sif Muna.
  9481 | D:9      | Noticed a centaur warrior
  9488 | D:9      | Killed a centaur warrior
  9551 | D:9      | Found an ornate altar of the Wu Jian Council.
  9747 | D:9      | Reached skill level 13 in Stealth
 10224 | D:10     | Found a radiant altar of Vehumet.
 10479 | D:10     | Found a staircase to the Orcish Mines.
 10678 | D:10     | Found Aratt's Mayhem Merchandise.
 10681 | D:10     | Reached XP level 11. HP: 53/53 MP: 12/12
 10953 | D:10     | Noticed a two-headed ogre
 10960 | D:10     | Killed a two-headed ogre
 11074 | D:10     | Reached skill level 14 in Stealth
 11364 | D:10     | Found a staircase to the Lair.
 11371 | Lair:1   | Entered Level 1 of the Lair of Beasts
 11551 | Lair:1   | You fall into a shaft and drop 1 floor!
 11682 | Lair:1   | Reached skill level 10 in Fighting
 12117 | Lair:1   | Reached skill level 15 in Stealth
 12117 | Lair:1   | Reached skill level 10 in Unarmed Combat
 12302 | Lair:1   | Gained mutation: Your thick and shaggy fur keeps you warm.
                  | (AC +3, rC+) [Felid growth]
 12302 | Lair:1   | Reached XP level 12. HP: 19/58 MP: 6/13
 12929 | Lair:2   | Noticed a seven-headed hydra
 12936 | Lair:2   | Killed a seven-headed hydra
 13053 | Lair:2   | Identified the +2 scale mail "Emeph" {rF+ rCorr Stlth+}
 13125 | Lair:2   | Noticed an eight-headed hydra
 13135 | Lair:2   | Slain by an eight-headed hydra
 13136 | Lair:2   | Reached XP level 11. HP: -3/55 MP: 0/21
 13242 | Lair:2   | Noticed a death yak
 13570 | Lair:2   | Killed an eight-headed hydra
 14261 | Lair:3   | Reached skill level 16 in Stealth
 14359 | Lair:3   | Noticed a six-headed hydra
 14395 | Lair:3   | Killed a six-headed hydra
 14620 | Lair:3   | Reached XP level 12. HP: 59/60 MP: 13/13
 14638 | Lair:3   | Noticed a boulder beetle
 14652 | Lair:3   | Killed a boulder beetle
 15074 | Lair:3   | Found a hole to the Spider Nest.
 15243 | Lair:3   | Noticed a boulder beetle
 15266 | Lair:3   | Slain by a boulder beetle
 15267 | Lair:3   | Reached XP level 11. HP: -1/84 MP: 0/21
 15728 | Lair:3   | Found a staircase to the Shoals.
 16198 | Lair:4   | Noticed a five-headed hydra
 16206 | Lair:4   | Killed a five-headed hydra
 16207 | Lair:4   | Reached skill level 17 in Stealth
 17475 | Lair:5   | Reached skill level 15 in Dodging
 17525 | Lair:5   | Found a staircase to the Slime Pits.
 17526 | Lair:5   | Found a viscous altar of Jiyva.
 17747 | Lair:5   | Reached XP level 12. HP: 61/61 MP: 13/13
 18121 | Lair:5   | Noticed a boulder beetle
 18155 | Lair:5   | Killed a boulder beetle
 18744 | Lair:6   | Entered Level 6 of the Lair of Beasts
 19419 | Lair:6   | Noticed a four-headed hydra
 19426 | Lair:6   | Killed a four-headed hydra
 19432 | Lair:6   | Noticed a seven-headed hydra
 19464 | Lair:6   | Killed a seven-headed hydra
 19480 | Lair:6   | Reached skill level 18 in Stealth
 19589 | Lair:6   | Got the Incunabulum of Evil Displacement
 20116 | Lair:6   | Reached XP level 13. HP: 60/65 MP: 14/14
 20144 | Lair:6   | Slain by a spriggan rider
 20145 | Lair:6   | Reached XP level 12. HP: -1/61 MP: 0/22
 21644 | D:11     | Noticed a five-headed hydra
 21648 | D:11     | Killed a five-headed hydra
 22244 | D:11     | Noticed Fannar
 22263 | D:11     | Killed Fannar
 22805 | Orc:1    | Entered Level 1 of the Orcish Mines
 22810 | Orc:1    | Noticed an ettin
 22814 | Orc:1    | Killed an ettin
 22907 | Orc:1    | Paralysed by an orc sorcerer for 7 turns
 22907 | Orc:1    | Noticed Sonja
 22914 | Orc:1    | Succumbed to Sonja's poison

Illustrated notes

Levels and vault maps discovered:
D:1:      dpeg_arrival_court, layout_basic, basic_ecumenical_altar
D:2:      layout_loops_cross, uniq_robin
D:3:      layout_loops_ring, lightli_temple_of_fire, biasface_ghost_orc_armoury,
          grunt_ministairs_11
D:4:      layout_loops_cross, nicolae_elyvilon_temple_path,
          mainiacjoe_overflow_alcove_2, nicolae_elemental_shop,
          nicolae_shop_self_help, uniq_menkaure, uniq_crazy_yiuf_cottage
D:5:      layout_basic, serial_park_tiny_pond, uniq_ijyb, uniq_sigmund
D:6:      layout_basic, chequers_temple_overflow_statue_of_worship,
          xom_teletrap_fun, minmay_temple_entry_hall, kennysheep_nub,
          hangedman_minor_gate_pass
D:7:      layout_loops_corners, mainiacjoe_overflow_brackets, amethyst_killhole,
          uniq_pikel
D:8:      layout_basic, gammafunk_ghost_cemetery
D:9:      layout_loops_cross, kennysheep_little_box, kennysheep_mini,
          lemuel_doored_altar
D:10:     layout_loops_ring, nzn_hepliaklqana_mist_gate, amcnicky_altar_gilded,
          erik_lair_dragon, serial_undead, serial_undead_c, serial_undead_c,
          serial_undead_f, serial_undead_f, minmay_shop_mayhem,
          minmay_rotating_lava
D:11:     layout_cave_pools, uniq_fannar
D:12:     layout_stronghold, st_stairs_8
Temple:   compressed_dpeg_circular_temple
Lair:1:   layout_regular_city, portal_ice_cave_demonic_guard,
          grunt_megastairs_2, serial_bayou_shore_b, infiniplex_staircase_pool_2
Lair:2:   layout_gridlike, minmay_shattered_shrine
Lair:3:   layout_regular_city, minmay_shoals_entry_lonely_mermaid,
          nicolae_spider_entry_tight_spaces, serial_rivers,
          chequers_serial_rivers_large_b, chequers_serial_rivers_room_a,
          chequers_serial_rivers_micro_b, chequers_serial_rivers_large_a,
          chequers_serial_rivers_room_a, serial_bayou_pond_d
Lair:4:   layout_misc_corridors, grunt_megastairs_4, serial_bayou_shore_a
Lair:5:   layout_roguey, slime_altar_1
Lair:6:   minmay_lair_end_enchanted_forest, layout_cave_pods, st_stairs_6
Orc:1:    layout_diamond_mine, uniq_sonja

Skill      XL: |  1  2  3  4  5  6  7  8  9 10 11 12 13 |
---------------+----------------------------------------+-----
Dodging        | 3 4 5 6 8 9 11 15 16 | 16.5
Stealth        | 7 8 9 10 12 13 17 18 | 18.6
Unarmed Combat | 3 4 5 6 7 8 11 12 | 12.9
Fighting       | 4 5 6 7 9 12 13 | 13.1

Action                   |  1- 3 |  4- 6 |  7- 9 | 10-12 | 13-15 || total
-------------------------+-------+-------+-------+-------+-------++-------
Melee: Unarmed           |    88 |    80 |   228 |   911 |    28 ||  1335
       Bite              |     8 |     8 |    25 |   122 |     4 ||   167
       Punch             |     2 |     2 |     8 |    78 |     5 ||    95
Evoke: Wand              |       |       |       |    10 |       ||    10
  Use: Scroll            |     9 |     3 |     9 |    16 |       ||    37
       Potion            |       |     4 |     1 |     8 |       ||    13
 Stab: Sleeping          |    11 |    13 |    26 |    68 |       ||   118
       Distracted        |       |     2 |     2 |     8 |     1 ||    13
       Paralysed         |       |       |       |     2 |       ||     2
Armor: Skin              |     2 |     3 |     7 |    25 |       ||    37
Dodge: Dodged            |    50 |    75 |   205 |   731 |    20 ||  1081
